 Dungeon Crawl Stone Soup version 0.21.1-1-g345015fe64 (webtiles) character file.

51 Naru the Poker (level 3, -3/34 HPs)
             Began as a Naga Berserker on June 19, 2018.
             Was a Follower of Trog.
             Slain by a worker ant (5 damage)
             ... on level 2 of the Dungeon.
             The game lasted 00:01:57 (1049 turns).

Naru the Poker (Naga Berserker)                     Turns: 1049, Time: 00:01:57

Health: -3/34      AC:  5    Str: 19    XL:     3   Next: 81%
Magic:  3/3        EV:  5    Int:  7    God:    Trog [*.....]
Gold:   114        SH:  0    Dex: 11    Spells: 2/2 levels left

rFire    + . .     SeeInvis +   a - +0 spear
rCold    + . .     Gourm    .   (no shield)
rNeg     . . .     Faith    .   n - +0 chain mail
rPois    +         Spirit   .   (no helmet)
rElec    +         Reflect  .   (no cloak)
rCorr    +         Harm     .   (no gloves)
MR       .....                  (no barding)
Stlth    ..........             (no amulet)
HPRegen  0.11/turn              (no ring)
MPRegen  0.08/turn              (no ring)

@: resistant, very slow
A: large, see invisible, deformed body, poison resistance, slowness 2, slow
metabolism 1, spit poison 1, AC +1
a: Spit Poison, Berserk, Burn Spellbooks, Renounce Religion


You were on level 2 of the Dungeon.
You worshipped Trog.
Trog was aware of your devotion.
You were not hungry.

You visited 1 branch of the dungeon, and saw 2 of its levels.

You collected 114 gold pieces.

Inventory:

Hand Weapons
 a - a +0 spear (weapon)
Missiles
 h - 3 javelins of penetration (quivered)
Armour
 n - a +0 chain mail (worn)
Scrolls
 d - 2 scrolls of magic mapping {unknown}
 e - 2 scrolls of identify {unknown}
 f - 3 scrolls of teleportation {unknown}
 g - a scroll of immolation {unknown}
 o - a scroll of amnesia {unknown}
Potions
 b - a potion of resistance
 i - a potion of heal wounds {unknown}
 j - a potion of might {unknown}
 k - a potion of ambrosia {unknown}
 l - 2 potions of brilliance {unknown}
 p - a potion of agility {unknown}
 q - a potion of lignification {unknown}
Comestibles
 c - 4 rations


   Skills:
 * Level 3.6 Fighting
 * Level 3.9 Polearms
 + Level 1.9 Armour
 + Level 1.6 Dodging


You had 2 spell levels left.
You didn't know any spells.

Dungeon Overview and Level Annotations

Branches:
Dungeon (2/15)

Altars:
Makhleb
Vehumet


Innate Abilities, Weirdness & Mutations

You cannot wear boots.
Your serpentine skin is tough. (AC +1)
You have supernaturally acute eyesight. (SInv)
Armour fits poorly on your strangely shaped body.
Your system is resistant to poisons. (rPois)
You cover ground very slowly.
You have a slow metabolism.
You can spit poison.


Message History

* * * LOW HITPOINT WARNING * * *
You hit the worker ant but do no damage.
The worker ant is heavily wounded.
The worker ant bites you.
* * * LOW HITPOINT WARNING * * *
You hit the worker ant.
The worker ant is severely wounded.
The worker ant bites you.
* * * LOW HITPOINT WARNING * * *
You closely miss the worker ant.
The worker ant is severely wounded.
The worker ant barely misses you.
You closely miss the worker ant.
The worker ant is severely wounded.
The worker ant closely misses you.
Okay, then.
It was a potion of resistance.
You feel protected. The worker ant bites you.
You die...

#..# # #..# # #..#
############ ...#
### #...........
.... ..
##.########## #.
##†..# #.####.#.#.#
### #
#........#.###_####
##@........##...##.
#a####...##8...8##
#.# ....# #...# #
#......###.#
##.#### #.#.#..# .#
##'#≈## ........#
.# #≈...'. ### #.#
## ##'#≈#. ...
##.#### #.# #...##.


You could see a worker ant.

Vanquished Creatures
  3 adders (D:2)
  A worm (D:2)
  A dart slug (D:2)
  A leopard gecko (D:2)
  2 goblins
  2 hobgoblins
  4 kobolds
  2 bats (D:2)
  2 frilled lizards
  3 rats
21 creatures vanquished.

Notes
Turn   | Place    | Note
-------+----------+-------------------------------------------
     0 | D:1      | Naru the Naga Berserker began the quest for the Orb.
     0 | D:1      | Reached XP level 1. HP: 21/21 MP: 1/1
   350 | D:1      | Reached XP level 2. HP: 27/28 MP: 2/2
   816 | D:2      | Reached XP level 3. HP: 28/34 MP: 3/3
   968 | D:2      | Found a burning altar of Makhleb.
   975 | D:2      | Found a radiant altar of Vehumet.
  1049 | D:2      | Slain by a worker ant

Action                   || total
-------------------------++-------
Melee: Spear             ||   103
  Use: Potion            ||     1
Armor: Animal skin       ||     2
       Chain mail        ||    29
       Leather armour    ||     3
Dodge: Dodged            ||    32
